 Dungeon Crawl Stone Soup version 0.29-a0-477-g62b78b4225 (webtiles) character file.

Game seed: 1010393064409141233

33057 vnklnr the Unseen (level 13, -3/65 HPs)
             Began as a Spriggan Enchanter on May 25, 2022.
             Was a High Priest of Dithmenos.
             Killed by an exploding killer bee (16 damage)
             ... ignited by their inner flame
             ... on level 14 of the Dungeon.
             The game lasted 01:04:03 (20764 turns).

vnklnr the Unseen (Spriggan Enchanter)             Turns: 20764, Time: 01:04:04

Health: -3/65      AC:  7    Str:  8    XL:     13   Next: 34%
Magic:  29/31      EV: 23    Int: 17    God:    Dithmenos [*****.]
Gold:   572        SH:  0    Dex: 16    Spells: 28/39 levels left

rFire   + . .      SeeInvis +   j - +2 dagger (protect)
rCold   + + .      Faith    .   (no shield)
rNeg    . . .      Spirit   .   y - +2 robe {Archmagi}
rPois   +          Reflect  .   (helmet restricted)
rElec   +          Harm     .   F - +2 cloak
rCorr   +          Rampage  .   (gloves unavailable)
Will    ++...      Archmagi +   (boots unavailable) Stlth *+++++++++
                                (no amulet)
HPRegen 0.20/turn               g - ring of flight
MPRegen 0.22/turn               u - ring of protection from cold

@: resistant, flying, wreathed by umbra, very quick
A: very small, no large weapons, unfitting armour, see invisible, speed 3,
MP-powered wands
a: Renounce Religion, Shadow Step, Shadow Form


You were on level 14 of the Dungeon.
You worshipped Dithmenos.
Dithmenos was extremely pleased with you.
You visited 2 branches of the dungeon, and saw 15 of its levels.
You also visited: Sewer and Bailey.

You collected 892 gold pieces.
You spent 320 gold pieces at shops.

Inventory:

Hand Weapons
 j - a +2 dagger of protection (weapon)
 H - a +4 dagger
Missiles
 b - 2 throwing nets
 x - 39 poisoned darts (quivered)
 K - 4 curare-tipped darts
Armour
 y - a +2 robe of the Archmagi (worn)
 F - a +2 cloak (worn)
Jewellery
 g - a ring of flight (left hand)
 u - a ring of protection from cold (right hand)
 v - a ring of poison resistance
 G - a ring of ice
Wands
 o - a wand of flame (12)
 w - a wand of iceblast (16)
 A - a wand of charming (9)
 E - a wand of polymorph (1)
 J - a wand of digging (11)
 L - a wand of paralysis (1)
Scrolls
 a - a scroll of summoning
 d - 4 scrolls of magic mapping
 l - a scroll of poison
 n - 12 scrolls of teleportation
 r - 3 scrolls of enchant armour
 s - 2 scrolls of immolation
 z - 5 scrolls of identify
 B - 2 scrolls of blinking
 I - 3 scrolls of amnesia
Potions
 c - a potion of invisibility
 e - 7 potions of flight
 f - 2 potions of cancellation
 h - a potion of resistance
 i - 2 potions of heal wounds
 k - a potion of brilliance
 m - 3 potions of haste
 p - 2 potions of magic
 q - 7 potions of curing
 t - a potion of ambrosia
 C - a potion of might
 D - a potion of experience


   Skills:
 + Level 6.4 Fighting
 + Level 8.5 Short Blades
 + Level 10.5 Dodging
 + Level 16.6 Stealth
 + Level 13.5 Spellcasting
 + Level 13.8 Hexes


You had 28 spell levels left.
You knew the following spells:

 Your Spells              Type           Power      Damage    Failure   Level
a - Ensorcelled Hibernat  Hex/Ice        100%       N/A       1%          2
b - Tukima's Dance        Hex            73%        N/A       1%          3
c - Dazzling Flash        Conj/Hex       100%       N/A       1%          3
d - Confusing Touch       Hex            73%        N/A       1%          3

Your spell library contained the following spells:

 Spells                   Type           Power      Damage    Failure   Level
 Fulminant Prism          Conj/Hex       25%        3d14      3%          4
 Apportation              Tloc           34%        N/A       6%          1
 Magic Dart               Conj           68%        1d6       6%          1
 Poisonous Vapours        Pois/Air       34%        N/A       9%          2
 Searing Ray              Conj           34%        2d5       9%          2
 Sublimation of Blood     Necr           17%        N/A       9%          2
 Gell's Gravitas          Tloc           17%        N/A       19%         3
 Ozocubu's Armour         Ice            17%        N/A       19%         3
 Teleport Other           Tloc           17%        N/A       19%         3
 Corpse Rot               Necr/Pois/Air  17%        N/A       52%         4
 Ice Form                 Ice/Tmut       17%        N/A       52%         4
 Iskenderun's Mystic Bla  Conj/Tloc      17%        2d5       52%         4
 Petrify                  Tmut/Erth      17%        N/A       52%         4
 Alistair's Intoxication  Tmut/Pois      11%        N/A       86%         5
 Borgnjor's Vile Clutch   Necr/Erth      8%         N/A       86%         5
 Irradiate                Conj/Tmut      8%         3d16      86%         5
 Lee's Rapid Deconstruct  Erth           8%         3d8*      86%         5
 Dispersal                Tloc           8%         N/A       100%        6
 Eringya's Noxious Bog    Tmut/Pois      8%         N/A       100%        6


Dungeon Overview and Level Annotations

Branches:
Dungeon (14/15)            Temple (1/1) D:5            Lair (0/6) D:11
    Orc (0/2) D:11         Vaults (0/5) D:14          Sewer (visited)
 Bailey (visited)

Altars:
Cheibriados
Dithmenos
Elyvilon
Fedhas
Gozag
Hepliaklqana
Kikubaaqudgha
Nemelex Xobeh
Okawaru
Qazlal
Ru
Sif Muna
Trog
Uskayaw
Vehumet
Wu Jian
Zin
The Shining One

Shops:
D:1 *   D:8 !   D:9 *

Annotations:
D:2 Robin


Innate Abilities, Weirdness & Mutations

You are very small and have problems with some larger weapons.
You are too small for most types of armour.
You have supernaturally acute eyesight. (SInv)
You cover ground extremely quickly. (Speed+++)
You expend magic power (3 MP) to strengthen your wands.


Message History

The killer bee is engulfed in poison gas.
The killer bee is poisoned.
Flame seeps out of the killer bee.
You feel sick.
Flame seeps out of the killer bee.
The killer bee is engulfed in poison gas.
The killer bee looks even sicker.
Flame seeps out of the killer bee.
A killer bee is nearby!
You feel sick.
Flame seeps out of the killer bee.
The killer bee is engulfed in poison gas.
The killer bee looks even sicker.
Flame seeps out of the killer bee.
Casting: Ensorcelled Hibernation (safe; 1% risk of failure)
Confirm with . or Enter, or press ? or * to list all spells.
Aiming: Ensorcelled Hibernation (safe; 1% risk of failure)
Press: ? - help, Shift-Dir - straight line, f - killer bee
Aim: a killer bee (poison gas, heavily wounded, inner flame, very poisoned, umbra, chance to affect: 78%)
You feel a surge of power!
The killer bee looks drowsy...
You feel sick.
You are no longer poisoned.
Flame seeps out of the killer bee.
The killer bee is engulfed in poison gas.
The killer bee looks as sick as possible!
The killer bee buzzes angrily.
Flame seeps out of the killer bee.
The killer bee looks as sick as possible!
Unknown command.
Unknown command.
Casting: Ensorcelled Hibernation (safe; 1% risk of failure)
Confirm with . or Enter, or press ? or * to list all spells.
Aiming: Ensorcelled Hibernation (safe; 1% risk of failure)
Press: ? - help, Shift-Dir - straight line, f - you, p - killer bee That would be overly suicidal.
Okay, then.
Unknown command.
The killer bee is engulfed in poison gas.
The killer bee looks as sick as possible!
Flame seeps out of the killer bee.
The killer bee misses you.
The killer bee is engulfed in poison gas.
The killer bee looks as sick as possible!
Dithmenos accepts your kill.
The killer bee explodes!
The fiery explosion engulfs you! You resist.
You die...

######## #.......
####### #.......
#.....# ###....###
#§§@..# #.'....#
####§°§°.# ###.#....#
....☼☼°°☼###...#....#
####☼°°○☼#...###....#
#.°...#.### #....#
#°☼..°..# #....#
#.....### #....#
#.☼°○.# ####'#
####.## ##.#


There were no monsters in sight!

Vanquished Creatures
  Harold (D:9)
  3 vault guards (D:14)
  Erica (D:8)
  A two-headed ogre (D:12)
  2 skeletal warriors (D:13)
  A wizard (D:14)
  Pikel (D:6)
  A deep elf pyromancer (D:13)
  11 ugly things
  7 cyclopes
  Maurice (D:9)
  3 gargoyles
  Joseph (D:9)
  An unseen horror (D:12)
  A yaktaur (D:14)
  A komodo dragon (D:13)
  A tengu conjurer (D:14)
  5 trolls
  3 hornets
  11 slime creatures
  4 wyverns
  A vampire (D:14)
  3 wraiths
  2 shadows (D:13)
  9 yaks
  A steam dragon (D:7)
  9 vampire mosquitoes (D:13)
  4 acid dragons
  9 orc warriors
  4 sky beasts (D:7)
  2 ogres
  13 centaurs
  A lemure (D:6)
  5 kobold brigands
  6 bullfrogs
  3 gnoll sergeants
  4 necrophages
  4 scorpions
  6 wights
  28 killer bees
  A howler monkey (D:9)
  4 hounds
  2 jellies (D:5)
  An orc priest (D:3)
  2 gnoll shamans
  Jessica (D:2)
  3 orc wizards
  3 iguanas
  Natasha (thrice) (D:2)
  10 adders
  8 gnolls
  12 river rats
  A shadow imp (D:7)
  4 white imps
  An ufetubus (D:6)
  2 worms (D:3)
  A dart slug (D:1)
  24 orcs
  13 ball pythons
  8 endoplasms
  4 giant cockroaches
  16 goblins
  11 hobgoblins
  4 jackals (D:3)
  6 quokkas
  3 bats
  10 frilled lizards
  16 kobolds
  25 rats
  A plant (D:11)
375 creatures vanquished.

Vanquished Creatures (collateral kills)
  2 vault guards (D:14)
  A two-headed ogre (D:11)
  7 orc warriors
  An ogre (D:4)
  2 centaurs (Bailey)
  A gnoll sergeant (D:7)
  7 wights
  A gnoll shaman (D:7)
  8 gnolls
  21 orcs
  2 kobolds (D:9)
53 creatures vanquished.

Vanquished Creatures (others)
  8 dancing weapons
  A kobold (D:9)
  4 fungi (D:11)
  8 plants (D:11)
21 creatures vanquished.

Grand Total: 449 creatures vanquished

Notes
Turn   | Place    | Note
-------+----------+-------------------------------------------
     0 | D:1      | vnklnr the Spriggan Enchanter began the quest for the Orb.
     0 | D:1      | Reached XP level 1. HP: 9/9 MP: 5/5
   211 | D:1      | Reached XP level 2. HP: 13/13 MP: 7/7
   217 | D:1      | Learned a level 2 spell: Ensorcelled Hibernation
   394 | D:1      | Found Tohiaz's General Store.
   990 | D:1      | Found a faded altar of an unknown god.
  1914 | D:1      | Bought a scroll of identify for 20 gold pieces
  1941 | D:2      | Noticed Jessica
  2011 | D:2      | Killed Jessica
  2012 | D:2      | Reached XP level 3. HP: 16/16 MP: 1/9
  2018 | D:2      | Gained mutation: You expend magic power (3 MP) to
                  | strengthen your wands. [potion of mutation]
  2115 | D:2      | Noticed Robin
  2301 | D:2      | Reached XP level 4. HP: 13/21 MP: 6/11
  2533 | D:2      | Noticed Natasha
  2539 | D:2      | Killed Natasha
  2540 | D:2      | Reached skill level 5 in Hexes
  2565 | D:2      | Noticed Natasha
  2575 | D:2      | Killed Natasha
  3205 | D:2      | Noticed Natasha
  3213 | D:2      | Killed Natasha
  3214 | D:2      | Reached skill level 5 in Spellcasting
  3214 | D:2      | Reached XP level 5. HP: 9/24 MP: 7/13
  3218 | D:2      | Learned a level 3 spell: Tukima's Dance
  3222 | D:2      | Learned a level 3 spell: Confusing Touch
  3226 | D:2      | Learned a level 3 spell: Dazzling Flash
  4140 | D:3      | Reached skill level 5 in Stealth
  4173 | D:3      | Found a glowing drain.
  4190 | Sewer    | Entered a sewer
  4310 | Sewer    | Reached XP level 6. HP: 15/28 MP: 1/15
  5120 | Sewer    | Reached skill level 6 in Stealth
  5129 | Sewer    | Reached XP level 7. HP: 3/32 MP: 8/17
  6240 | D:4      | Reached skill level 7 in Stealth
  6630 | D:5      | Entered Level 5 of the Dungeon
  7184 | D:1      | Bought a scroll of identify for 20 gold pieces
  7184 | D:1      | Bought a potion of haste for 100 gold pieces
  7442 | D:5      | Reached skill level 8 in Stealth
  7476 | D:5      | Reached XP level 8. HP: 36/36 MP: 15/20
  7895 | D:5      | Found a staircase to the Ecumenical Temple.
  7906 | Temple   | Entered the Ecumenical Temple
  8116 | Temple   | Became a worshipper of Dithmenos the Shadowed
  8470 | D:6      | Reached skill level 9 in Stealth
  9066 | D:6      | Noticed Pikel
  9080 | D:6      | HP: 1/36 [lemure[Pikel] (5)]
  9083 | D:6      | Killed Pikel
  9084 | D:6      | Reached skill level 10 in Stealth
  9084 | D:6      | Reached XP level 9. HP: 5/39 MP: 20/23
  9667 | D:7      | Reached skill level 11 in Stealth
 10072 | D:7      | Reached * piety under Dithmenos
 10114 | D:7      | Reached skill level 10 in Hexes
 10642 | D:7      | Reached skill level 10 in Spellcasting
 10906 | D:7      | Reached skill level 12 in Stealth
 11271 | D:7      | Found a shimmering blue altar of Sif Muna.
 11547 | D:8      | Reached skill level 1 in Fighting
 11550 | D:8      | Noticed Erica
 11560 | D:8      | Killed Erica
 11561 | D:8      | Reached XP level 10. HP: 46/46 MP: 15/25
 11629 | D:8      | Found a hide-covered altar of Uskayaw.
 11766 | D:8      | Found Sesomo's Distillery.
 11774 | D:8      | Bought a potion of heal wounds for 75 gold pieces
 11774 | D:8      | Bought a potion of curing for 45 gold pieces
 11774 | D:8      | Bought a potion of might for 60 gold pieces
 11792 | D:8      | Reached ** piety under Dithmenos
 12368 | D:9      | Reached skill level 13 in Stealth
 12372 | D:9      | Reached skill level 5 in Dodging
 12419 | D:9      | Found Semiuxus's Mass Market.
 12452 | D:9      | Found a flagged portal.
 12461 | Bailey   | Entered a bailey
 12646 | Bailey   | Reached *** piety under Dithmenos
 13981 | Bailey   | Reached XP level 11. HP: 49/52 MP: 22/27
 14207 | Bailey   | Identified the +10 executioner's axe "Diqur" {speed, rC+}
 14414 | D:9      | Noticed Maurice
 14439 | D:9      | Killed Maurice
 14697 | D:9      | Reached skill level 5 in Short Blades
 14970 | D:9      | Noticed Harold
 14975 | D:9      | Killed Harold
 15031 | D:9      | Noticed Joseph
 15037 | D:9      | Killed Joseph
 15038 | D:9      | Reached skill level 14 in Stealth
 15144 | D:9      | Noticed a cyan ugly thing
 15153 | D:9      | Reached **** piety under Dithmenos
 15158 | D:9      | Killed a cyan ugly thing
 15920 | D:10     | Entered Level 10 of the Dungeon
 16767 | D:11     | Found a staircase to the Orcish Mines.
 16773 | D:11     | Noticed a two-headed ogre
 16781 | D:11     | Killed a two-headed ogre
 16939 | D:11     | Reached XP level 12. HP: 58/58 MP: 25/29
 16967 | D:11     | Found a staircase to the Lair.
 16969 | D:11     | Reached ***** piety under Dithmenos
 17023 | D:11     | Reached skill level 15 in Stealth
 17294 | D:12     | Noticed a two-headed ogre
 17301 | D:12     | Killed a two-headed ogre
 17302 | D:12     | Reached skill level 5 in Fighting
 18362 | D:13     | Identified the -4 cloak "Gamahuikh" {+Blink}
 19094 | D:13     | Identified the +11 hand axe of the Fox {flame, +Blink rPois
                  | SInv Stlth-}
 19147 | D:14     | Noticed a vault guard
 19150 | D:14     | Reached skill level 16 in Stealth
 19314 | D:14     | Killed a vault guard
 19332 | D:14     | Noticed a vault guard
 19337 | D:14     | Got Zateups's Grimoire of the Glacier
 19742 | D:14     | Killed a vault guard
 19743 | D:14     | Reached skill level 10 in Dodging
 19743 | D:14     | Reached XP level 13. HP: 53/65 MP: 18/31
 19897 | D:14     | Found a gate to the Vaults.
 20764 | D:14     | Killed by an exploding killer bee... ignited by their inner
                  | flame

Illustrated notes

Levels and vault maps discovered:
D:1:      shiori_shiawase, layout_loops_ring, serial_shops,
          nicolae_shop_hallway_plus, ebering_ecumenical_altar_webs
D:2:      layout_basic, minmay_goblin_outpost, uniq_robin, uniq_jessica,
          uniq_natasha
D:3:      layout_basic, gup_sewer_entry_bubbles, roderic_lattice_a,
          kennysheep_generic_room_3
D:4:      layout_rooms, grunt_decor_junction
D:5:      layout_loops_cross, temple_fountains
D:6:      layout_gridville, minmay_misc_feat_five, uniq_pikel
D:7:      layout_gridville, lemuel_coloured_pillars_altar, minmay_crossroads
D:8:      layout_rooms, mainiacjoe_overflow_alcove_4, serial_shops,
          nicolae_shop_statue_plus, uniq_erica
D:9:      layout_stronghold, enter_bailey_2, minmay_shop_mass,
          kennysheep_kite_vault, uniq_joseph, uniq_harold, uniq_maurice
D:10:     layout_roguey, dreamdust_gnoll_shepherd
D:11:     layout_big_octagon, grunt_lair_entry_orc_guard_hut, orc_0_dummy
D:12:     layout_cave_pools
D:13:     layout_gridville
D:14:     layout_roguey, grunt_vaults_entry_fortified, special_room
          [special_room_bee], palyth_stone_intersect, evilmike_butchery
Temple:   mainiacjoe_temple_cubbyholes

Skill      XL: |  1  2  3  4  5  6  7  8  9 10 11 12 |
---------------+-------------------------------------+-----
Spellcasting   | 3 4 5 6 7 9 10 11 12 13 | 13.5
Hexes          | 4 5 6 7 9 10 11 12 13 | 13.8
Stealth        | 5 6 8 10 12 13 14 16 | 16.6
Dodging        | 3 6 8 10 | 10.5
Fighting       | 1 3 4 6 |  6.4
Short Blades   | 2 4 6 8 |  8.5

Action                   |  1- 3 |  4- 6 |  7- 9 | 10-12 | 13-15 || total
-------------------------+-------+-------+-------+-------+-------++-------
Melee: Dagger            |    85 |   268 |   215 |   504 |    40 ||  1112
       Punch             |       |     2 |     1 |     6 |       ||     9
       Unarmed           |       |       |       |    13 |       ||    13
 Cast: Ensorcelled Hiber |    22 |    56 |    73 |   114 |    31 ||   296
       Tukima's Dance    |       |       |    21 |    72 |       ||    93
       Confusing Touch   |       |       |     9 |    20 |     2 ||    31
Evoke: Wand              |       |       |       |       |     1 ||     1
  Use: Scroll            |     4 |     6 |     9 |     9 |     3 ||    31
       Potion            |     1 |     5 |     4 |     6 |     2 ||    18
 Stab: Sleeping          |    20 |    36 |    58 |   104 |    15 ||   233
       Invisible         |       |     4 |       |     1 |       ||     5
       Confused          |       |       |     9 |    19 |     3 ||    31
       Distracted        |       |       |       |     2 |       ||     2
Armor: Robe              |    10 |    68 |    48 |    73 |     4 ||   203
       Skin              |       |       |       |     1 |       ||     1
Dodge: Dodged            |    63 |   307 |   199 |   528 |    55 ||  1152

Table legend: (Time is in decaauts)
 A = Elapsed time spent in this place.
 B = Non-inter-level travel time spent in this place.
 C = Inter-level travel time spent in this place.
 D = Time resting spent in this place.
 E = Time spent auto-exploring this place.
 F = Levels seen in this place.
 G = Mean time per level.
                   A        B        C        D        E       F      G
               +--------+--------+--------+--------+--------+-----+--------+
         Total |  16738 |  16451 |    287 |   2940 |  10424 |  17 |  984.6 |
       Dungeon |  13780 |  13509 |    271 |   2042 |   9088 |  14 |  984.3 |
        Temple |    168 |    153 |     15 |      0 |    145 |   1 |  168.0 |
         Sewer |   1087 |   1087 |      0 |    383 |    376 |   1 | 1087.0 |
        Bailey |   1702 |   1702 |      0 |    515 |    814 |   1 | 1702.0 |
               +--------+--------+--------+--------+--------+-----+--------+

Top non-repeatable levels by time:
     D:1: 1893 daAuts
  Bailey: 1702 daAuts
     D:7: 1506 daAuts
    D:14: 1476 daAuts
     D:2: 1398 daAuts
     D:9: 1332 daAuts
   Sewer: 1087 daAuts
     D:6: 925 daAuts
     D:3: 854 daAuts
     D:4: 733 daAuts
    D:13: 704 daAuts
    D:12: 672 daAuts
     D:5: 659 daAuts
     D:8: 615 daAuts
    D:10: 566 daAuts
